Map: Abyssal Reef LE

Players

BLY

  • Race: Zerg Zerg
  • Spawn Location: 5:00

puCK (Nina) - Winner!

  • Race: Protoss Protoss
  • Spawn Location: 11:00

Event: WCS Austin 2017

VOD

https://www.youtube.com/watch?v=qu0Prbw_bSk&t=3s

Description

Time

  • Played on: April 28, 2017, 8:40 p.m.
  • Length: 18:08

All games in this series

Show
View Real Time Build Order
Export as new Build Order

BLY Zerg 

Build Orders: Hatch First, Muta Ling Bane 

Get SALT Encoding   

  12  0:01  Drone  
  13  0:12  Overlord  
  13  0:16  Drone  
  14  0:30  Drone x2  
  16  0:40  Drone  
  17  0:53  Hatchery  
  17  0:57  Drone  
  17  1:00  Extractor  
  16  1:11  Spawning Pool  
  16  1:14  Drone  
  16  1:17  Drone  
  17  1:21  Drone  
  18  1:27  Drone  
  19  1:38  Overlord  
  19  1:50  Drone  
  20  1:58  Queen  
  20  1:59  Metabolic Boost  
  22  2:03  Zergling x2  
  22  2:07  Queen  
  25  2:11  Drone  
  25  2:13  Drone  
  27  2:17  Drone  
  27  2:22  Drone  
  29  2:29  Drone  
  30  2:39  Hatchery  
  30  2:42  Drone  
  30  2:45  Overlord  
  30  2:49  Drone  
  31  2:53  Drone x2  
  33  3:00  Overlord  
  33  3:07  Overlord  
  33  3:11  Drone x4  
  36  3:17  Drone x2  
  36  3:19  Spore Crawler  
  36  3:24  Extractor  
  36  3:25  Drone x2  
  35  3:27  Drone  
  37  3:35  Drone x2  
  37  3:39  Drone x2  
  37  3:40  Drone  
  42  3:44  Queen  
  44  3:48  Roach Warren  
  44  3:51  Overlord  
  44  3:52  Drone  
  44  4:01  Drone x2  
  44  4:02  Drone  
  47  4:05  Extractor  
  46  4:15  Drone x3  
  46  4:16  Drone  
  50  4:24  Evolution Chamber  
  49  4:28  Roach x8  
  65  4:33  Extractor  
  64  4:42  Lair  
  64  4:46  Drone x7  
  64  4:52  Drone  
  72  4:55  Drone  
  72  4:56  Drone  
  72  4:59  Overlord  
  74  5:10  Zergling x2  
  74  5:11  Zergling x2  
  74  5:20  Zergling x12  
  78  5:28  Zergling x10  
  81  5:36  Drone  
  81  5:37  Overlord x2  
  81  5:42  Extractor  
  81  5:43  Queen, Overlord, Spire  
  82  5:55  Overlord  
  82  5:56  Extractor x2  
  80  5:58  Drone x11  
  80  6:02  Overlord  
  91  6:06  Overlord  
  89  6:11  Drone, Glial Reconstitution  
  89  6:14  Overlord  
  89  6:17  Drone  
  90  6:25  Overlord  
  85  6:26  Hatchery  
  85  6:27  Drone x3  
  85  6:28  Drone x3  
  90  6:34  Overlord  
  90  6:37  Overlord  
  90  6:47  Overlord  
  90  6:53  Overlord  
  90  6:54  Overlord  
  90  6:55  Mutalisk x8  
  106  7:04  Drone  
  106  7:05  Drone x6  
  106  7:08  Baneling Nest  
  112  7:10  Zerg Melee Weapons Level 1  
  112  7:18  Drone  
  111  7:23  Drone x4  
  115  7:31  Extractor  
  115  7:35  Zergling x14, Extractor  
  126  7:43  Zergling x6  
  123  7:45  Hatchery  
  123  7:49  Roach x2  
  126  7:56  Infestation Pit  
  125  7:58  Drone  
  125  7:59  Drone x3, Spore Crawler  
  128  8:09  Roach  
  128  8:10  Roach x5  
  140  8:14  Overlord  
  138  8:22  Overlord  
  138  8:24  Centrifical Hooks  
  138  8:27  Drone x9  
  147  8:35  Ravager x4  
  147  8:38  Hatchery  
  147  8:39  Hive  
  150  8:41  Overlord  
  150  8:46  Drone x5  
  150  8:47  Spine Crawler x2  
  153  8:48  Spine Crawler  
  153  8:51  Spine Crawler  
  153  8:52  Spine Crawler  
  153  8:53  Spine Crawler  
  149  9:00  Zergling x18  
  158  9:03  Baneling x5  
  158  9:12  Zergling x20  
  168  9:17  Baneling x9  
  168  9:18  Baneling  
  168  9:21  Ravager x5  
  163  9:27  Ravager x5  
  155  9:42  Zergling x2  
  155  9:43  Zergling x30  
  155  9:49  Baneling x12  
  155  9:51  Greater Spire  
  153  9:53  Zergling x6  
  156  10:06  Baneling  
  156  10:07  Baneling x11  
  156  10:08  Zergling x12  
  156  10:09  Zergling x2  
  163  10:19  Hatchery  
  149  10:31  Corruptor  
  149  10:32  Corruptor x5  
  157  10:54  Zergling x2  
  157  10:55  Zergling x22  
  167  11:01  Baneling x4  
  167  11:06  Brood Lord  
  167  11:07  Brood Lord x2  
  167  11:10  Overseer  
  173  11:15  Overlord x2  
  173  11:35  Brood Lord x3  
  173  11:36  Corruptor x5  
  187  11:43  Extractor  
  187  11:44  Drone  
  187  11:48  Spine Crawler x2  
  187  11:52  Zerg Melee Weapons Level 2  
  185  11:55  Overlord  
  185  11:59  Overseer  
  185  12:13  Overlord, Brood Lord  
  187  12:25  Baneling x5  
  187  12:26  Baneling x3  
  193  12:30  Brood Lord x3  
  193  12:33  Drone x3, Extractor  
  193  12:34  Extractor  
  193  12:35  Brood Lord  
  196  12:44  Baneling  
  194  12:59  Zergling x2  
  194  13:00  Zergling x10  
  195  13:17  Queen  
  186  13:20  Spine Crawler  
  186  13:24  Queen x2  
  189  13:28  Zerg Flyer Weapons Level 1  
  189  13:35  Zergling x20  
  147  14:20  Zergling x28  
  147  14:21  Zergling x28  
  131  14:30  Zergling x12  
  131  14:31  Zergling x26  
  119  14:44  Baneling x11  
  119  14:45  Roach x8  
  127  14:46  Roach  
  127  14:47  Baneling x7  
  127  14:48  Baneling x3  
  127  14:51  Baneling x2  
  127  14:52  Baneling x7  
  110  15:11  Zergling x20  
  91  15:14  Roach x4  
  91  15:18  Roach  
  95  15:22  Ravager x4  
  85  15:32  Corruptor x4  
  85  15:33  Corruptor x2  
  93  15:40  Infestor x2  
  82  16:13  Brood Lord x5  
  84  16:57  Hatchery  
  75  17:09  Infestor  
  78  18:03  Hatchery  
Show
View Real Time Build Order
Export as new Build Order

puCK Protoss - Winner!

Build Orders: 1 Gate Expand 

Get SALT Encoding   

  12  0:00  Probe (Chrono Boost)  
  13  0:11  Probe (Chrono Boost)  
  14  0:18  Pylon  
  14  0:22  Probe (Chrono Boost)  
  15  0:36  Probe (Chrono Boost)  
  15  0:38  Gateway  
  16  0:47  Probe (Chrono Boost)  
  16  0:48  Assimilator  
  17  0:57  Probe (Chrono Boost)  
  18  1:08  Probe (Chrono Boost)  
  19  1:23  Nexus  
  19  1:26  Probe (Chrono Boost)  
  20  1:36  Cybernetics Core  
  20  1:38  Probe (Chrono Boost)  
  21  1:46  Assimilator  
  21  1:49  Probe (Chrono Boost)  
  22  1:54  Pylon  
  22  2:00  Probe (Chrono Boost)  
  23  2:09  Adept  
  23  2:14  Probe (Chrono Boost), Warp Gate  
  26  2:26  Probe (Chrono Boost)  
  26  2:27  Twilight Council  
  27  2:35  Probe (Chrono Boost), Adept  
  29  2:38  Probe (Chrono Boost)  
  31  2:45  Probe (Chrono Boost)  
  31  2:50  Probe (Chrono Boost)  
  33  2:52  Resonating Glaives  
  33  2:56  Probe (Chrono Boost)  
  34  3:01  Adept  
  34  3:02  Probe (Chrono Boost)  
  37  3:06  Probe (Chrono Boost)  
  38  3:14  Probe (Chrono Boost)  
  38  3:17  Probe (Chrono Boost)  
  40  3:26  Probe (Chrono Boost)  
  41  3:27  Probe (Chrono Boost)  
  41  3:30  Gateway x2  
  42  3:34  Adept  
  42  3:38  Probe (Chrono Boost)  
  42  3:39  Probe (Chrono Boost)  
  46  3:43  Pylon  
  46  3:45  Pylon  
  46  4:01  Probe (Chrono Boost), Nexus  
  48  4:02  Probe (Chrono Boost)  
  48  4:09  Pylon  
  48  4:11  Probe (Chrono Boost)  
  48  4:16  Pylon  
  48  4:17  Robotics Facility  
  49  4:21  Probe (Chrono Boost)  
  49  4:23  Mothership Core (Chrono Boost)  
  52  4:26  Adept x2  
  52  4:28  Adept  
  58  4:34  Probe (Chrono Boost)  
  58  4:36  Assimilator  
  59  4:41  Probe (Chrono Boost)  
  60  4:49  Sentry x3, Gateway x2  
  60  4:52  Probe x2 (Chrono Boost)  
  68  5:02  Probe (Chrono Boost)  
  68  5:04  Probe (Chrono Boost)  
  70  5:13  Probe (Chrono Boost)  
  71  5:16  Probe (Chrono Boost)  
  71  5:20  Probe (Chrono Boost)  
  71  5:21  Warp Prism  
  71  5:23  Probe (Chrono Boost)  
  75  5:28  Probe (Chrono Boost)  
  75  5:30  Probe (Chrono Boost)  
  75  5:36  Probe (Chrono Boost)  
  75  5:38  Adept x3  
  75  5:40  Gateway  
  75  5:41  Probe (Chrono Boost)  
  82  5:43  Probe (Chrono Boost)  
  82  5:44  Gateway x2  
  82  5:48  Pylon  
  84  5:50  Pylon  
  84  5:51  Probe (Chrono Boost)  
  84  5:52  Immortal  
  84  5:54  Sentry x2  
  84  5:55  Probe (Chrono Boost)  
  89  5:57  Blink  
  89  6:04  Assimilator  
  93  6:07  Assimilator, Probe (Chrono Boost), Pylon  
  93  6:08  Probe (Chrono Boost)  
  93  6:09  Pylon  
  92  6:12  Probe (Chrono Boost)  
  92  6:14  Adept x3  
  92  6:18  Adept  
  94  6:21  Probe (Chrono Boost)  
  96  6:26  Probe x2 (Chrono Boost), Immortal  
  96  6:31  Sentry  
  103  6:34  Probe (Chrono Boost)  
  103  6:37  Forge  
  104  6:40  Gateway  
  104  6:42  Pylon  
  104  6:44  Sentry  
  104  6:45  Assimilator, Stalker  
  108  6:50  Stalker x2  
  112  6:56  Pylon  
  112  6:59  Pylon  
  112  7:00  Pylon  
  112  7:02  Stalker x2  
  112  7:03  Stalker  
  112  7:06  Observer  
  118  7:13  Photon Cannon  
  119  7:23  Photon Cannon  
  119  7:24  Warp Prism  
  119  7:25  Photon Cannon  
  119  7:28  Protoss Ground Weapons Level 1  
  121  7:31  Photon Cannon  
  121  7:32  Photon Cannon  
  121  7:36  Photon Cannon  
  115  7:44  Stargate  
  115  7:46  Pylon  
  115  7:47  Stalker x4  
  123  7:54  Probe (Chrono Boost)  
  123  7:58  Probe (Chrono Boost)  
  121  8:06  Probe (Chrono Boost)  
  121  8:07  Probe (Chrono Boost)  
  121  8:09  Stalker x2  
  121  8:10  Stalker x3  
  133  8:14  Probe (Chrono Boost)  
  133  8:16  Probe (Chrono Boost)  
  132  8:23  Probe (Chrono Boost)  
  132  8:24  Stalker x4  
  141  8:37  Stalker x4  
  149  8:41  Photon Cannon  
  149  8:49  Photon Cannon  
  149  8:53  Adept x4  
  156  9:04  Pylon  
  156  9:06  Stalker  
  156  9:07  Stalker x2  
  160  9:12  Stalker  
  160  9:13  Stalker  
  162  9:21  Mothership Core (Chrono Boost)  
  161  9:31  Stalker x2  
  161  9:32  Stalker x3  
  161  9:37  Probe (Chrono Boost)  
  172  9:43  Stalker x2  
  172  9:45  Stalker x2  
  146  9:59  Adept x4  
  154  10:00  Adept  
  156  10:15  Sentry x2  
  156  10:16  Sentry  
  156  10:19  Stalker x3  
  168  10:26  Protoss Ground Weapons Level 2  
  148  10:31  Probe (Chrono Boost)  
  148  10:33  Templar Archives  
  149  10:40  Nexus  
  148  10:43  Adept x2  
  148  10:45  Charge  
  146  10:55  Adept x4  
  146  10:56  Adept  
  154  11:04  Oracle  
  154  11:08  Psionic Storm  
  154  11:09  Pylon  
  154  11:10  Pylon  
  157  11:17  Warp Prism  
  157  11:19  Photon Cannon  
  157  11:21  Pylon  
  157  11:22  Photon Cannon  
  158  11:35  Oracle  
  158  11:38  High Templar x3  
  164  11:44  High Templar  
  169  11:48  Gateway  
  169  11:51  Gateway  
  169  11:58  Photon Cannon  
  169  12:01  High Templar, Photon Cannon  
  171  12:02  High Templar  
  171  12:04  Photon Cannon  
  171  12:05  Photon Cannon  
  173  12:09  Assimilator, Photon Cannon  
  173  12:11  Observer  
  173  12:13  Assimilator  
  174  12:15  Photon Cannon  
  174  12:16  Pylon  
  173  12:30  Stalker x3  
  173  12:31  Stalker x4  
  187  12:54  Nexus  
  187  12:58  High Templar x3  
  187  12:59  High Templar  
  187  13:02  Archon  
  187  13:03  Archon  
  173  13:20  High Templar  
  173  13:21  High Templar x2  
  173  13:26  Zealot x2  
  183  13:27  Photon Cannon  
  183  13:30  Photon Cannon  
  183  13:31  High Templar  
  183  13:32  High Templar, Photon Cannon  
  187  13:37  Protoss Shields Level 1  
  187  13:41  Pylon  
  187  13:42  Pylon  
  187  13:43  High Templar  
  189  13:49  Pylon  
  189  13:59  Zealot x5  
  164  14:20  Zealot x3  
  144  14:28  Stalker x2  
  144  14:29  Stalker x3  
  134  14:43  Zealot x6  
  136  14:56  Photon Cannon  
  136  14:58  Photon Cannon  
  134  15:05  Zealot x2, Adept  
  134  15:06  Adept x2  
  124  15:08  Adept  
  124  15:09  Adept x2  
  124  15:13  Stalker  
  124  15:14  Stalker x3  
  110  15:24  Zealot x2  
  114  15:42  High Templar x6  
  122  15:43  High Templar  
  122  15:47  Archon x3  
  122  15:48  High Templar  
  122  15:49  Zealot x3  
  136  15:54  Archon  
  136  16:03  Assimilator  
  136  16:04  Assimilator  
  132  16:13  Stalker  
  132  16:14  Stalker x4  
  132  16:15  Stalker x3  
  148  16:30  Zealot x2  
  148  16:31  Zealot  
  154  16:33  Observer  
  155  16:42  Stargate  
  155  16:44  Fleet Beacon, Stargate  
  155  16:48  High Templar x2  
  159  16:55  Observer  
  159  16:58  Nexus  
  160  17:03  High Templar x2  
  161  17:16  Stalker x2  
  161  17:17  Stalker x3  
  161  17:21  Pylon  
  171  17:28  Pylon  
  181  17:59  Zealot x6  
Tags
 
Add a new tag
Caveats
  • Supply blocks, unpowered buildings, or Contaminate may cause inaccurate times.
  • Supply counts are checked every 10 seconds.